 Dungeon Crawl Stone Soup version 0.28.0-1-gb440e238dd (webtiles) character file.

Game seed: 10051802787400143686

3237 croobank the Poker (level 9, -6/89 HPs)
             Began as a Troll Berserker on Feb 21, 2022.
             Was an Elder of Trog.
             Killed from afar by an electric eel (10 damage)
             ... with a bolt of electricity
             ... on level 10 of the Dungeon.
             The game lasted 00:25:49 (5473 turns).

croobank the Poker (Troll Berserker)                Turns: 5473, Time: 00:25:50

Health: -6/89      AC:  7    Str: 37    XL:     9   Next: 66%
Magic:  8/8        EV:  9    Int:  3    God:    Trog [****..]
Gold:   432        SH:  5    Dex:  9    Spells: 8/8 levels left

rFire   + . .      SeeInvis .   a - +0 mace
rCold   . . .      Faith    .   N - +0 kite shield
rNeg    . . .      Spirit   .   O - +1 robe {rF+}
rPois   +          Reflect  .   (helmet restricted)
rElec   .          Harm     .   i - +1 cloak
rCorr   .          Rampage  .   (gloves unavailable)
Will    .....                   (boots unavailable)
Stlth   +.........              (no amulet)
HPRegen 1.04/turn               x - ring of poison resistance
MPRegen 0.11/turn               D - +6 ring of strength

@: no status effects
A: large, unfitting armour, claws 3, regeneration 1, shaggy fur 1, tough skin 1
a: Renounce Religion, Berserk, Trog's Hand, Brothers in Arms


You were on level 10 of the Dungeon.
You worshipped Trog.
Trog was greatly pleased with you.
You visited 1 branch of the dungeon, and saw 9 of its levels.

You collected 432 gold pieces.

Inventory:

Hand Weapons
 a - a +0 mace (weapon)
 b - a +0 hunting sling
 d - a +2 vorpal mace
 g - a +1 trident of protection
 o - a +1 mace of draining
 r - a +1 halberd of venom
 s - the +9 spear of Wrath {protect, rF++ rN+ Stlth-}
   (You found it on level 4 of the Dungeon)

   It grants its wielder temporary protection when it strikes (+7 to AC).
   rF:        It greatly protects you from fire.
   rN:        It protects you from negative energy.
   Stlth:     It makes you less stealthy.
 w - a +3 dagger of chaos
 E - a +0 broad axe
 L - a +4 great sword
Missiles
 c - 5 atropa-tipped darts
 e - 241 stones
 k - 102 arrows
 m - 2 poisoned darts
 n - 4 boomerangs (quivered)
 t - 34 bolts
 A - a throwing net
 J - 14 sling bullets
 M - 4 silver javelins
Armour
 i - a +1 cloak (worn)
 u - a +0 animal skin
 N - a +0 kite shield (worn)
 O - a +1 robe of fire resistance (worn)
Jewellery
 x - a ring of poison resistance (left claw)
 C - a ring of positive energy
 D - a +6 ring of strength (right claw)
Wands
 z - a wand of charming (7)
Scrolls
 v - 2 scrolls of immolation
 y - 3 scrolls of teleportation
 G - a scroll of torment {unknown}
 H - a scroll of magic mapping {unknown}
Potions
 f - a potion of cancellation
 h - 7 potions of curing
 j - a potion of magic
 l - a potion of degeneration {unknown}
 p - a potion of ambrosia {unknown}
 q - a potion of flight {unknown}
 B - a potion of resistance {unknown}
 F - a potion of might {unknown}
 K - a potion of heal wounds {unknown}
 P - a potion of attraction {unknown}


   Skills:
 + Level 6.2 Fighting
 - Level 5.0 Maces & Flails
 * Level 6.9 Polearms
 + Level 6.2 Dodging


You had 8 spell levels left.
You didn't know any spells.
Your spell library was empty.

Dungeon Overview and Level Annotations

Branches:
Dungeon (8/15)
 Temple: D:4-7         Lair: D:8-11

Altars:
Fedhas
Qazlal
Ru
Zin

Shops:
D:10 !


Innate Abilities, Weirdness & Mutations

You are too large for most types of armour.
You have claws for hands.
Your natural rate of healing is unusually fast.
You are covered in fur. (AC +1)
You have tough skin. (AC +1)


Message History

You closely miss the kobold. You block the kobold's attack.
You hit the kobold but do no damage. The kobold hits you but does no damage.
You barely miss the kobold. You block the kobold's attack. x2
You closely miss the kobold. You hit the two-headed ogre.
Flame seeps out of the two-headed ogre.
The two-headed ogre is severely wounded.
The two-headed ogre is engulfed in blazing flames.
Flame seeps out of the two-headed ogre.
The two-headed ogre hits you with a +0 giant club!! x2
* * * LOW HITPOINT WARNING * * *
Found Cooddoa's Distillery.
There is an entrance to Cooddoa's Distillery here.
An electric eel comes into view.
The two-headed ogre's inner flame fades away.
Throw: 4 boomerangs
Press: ? - help, Q - select action, (/) - cycle Shift-Dir - straight line, f - two-headed ogre
Aim: a two-headed ogre, wielding two +0 giant clubs (almost dead, 73% to hit)
Okay, then.
Throw: 4 boomerangs
Press: ? - help, Q - select action, (/) - cycle Shift-Dir - straight line, f - two-headed ogre
Aim: a two-headed ogre, wielding two +0 giant clubs (almost dead, 73% to hit)
You throw a boomerang.
The boomerang barely misses the two-headed ogre.
The boomerang hits the kobold.
The kobold is moderately wounded.
The kobold throws a stone.
The stone hits you but does no damage.
The electric eel shoots out a bolt of lightning at you!
The bolt of electricity hits you!
* * * LOW HITPOINT WARNING * * *
The electric eel shoots out a bolt of lightning at you!
The bolt of electricity misses you.
The electric eel shoots out a bolt of lightning at you!
The bolt of electricity hits you!
* * * LOW HITPOINT WARNING * * *
The two-headed ogre hits you with a +0 giant club!
* * * LOW HITPOINT WARNING * * *
You block the two-headed ogre's attack.
The electric eel shoots out a bolt of lightning at you!
The bolt of electricity hits you!
You die...

......# ......# #######
......# ........ .....#
.....###................#
..........[...... ......#
................# #.....###
.......≈........# #........
###....≈......≈.###........
# #.............@..........
# #...≈≈.........O........≈
# #....≈.................≈≈
# #....................S≈≈≈
# #..........###..K.≈≈...≈≈
# #..........##.....≈......
#############.#..≈≈≈.....
#.........### #.∩.#######


You could see a two-headed ogre, an electric eel and a kobold.

Vanquished Creatures
  Psyche (D:8)
  A komodo dragon (D:7)
  Grinder (D:3)
  A shadow (D:10)
  A steam dragon (D:7)
  An orc warrior (D:5)
  2 ice beasts (D:7)
  A hornet zombie (D:7)
  4 phantoms
  2 centaurs
  3 bullfrogs
  4 wights (D:8)
  A howler monkey (D:7)
  2 centaur zombies
  6 hounds
  A jelly (D:7)
  4 orc priests
  2 bullfrog skeletons (D:5)
  4 centaur skeletons
  2 iguanas (D:5)
  An orc wizard (D:7)
  2 hound skeletons (D:4)
  Robin (D:4)
  A howler monkey zombie (D:10)
  5 adders
  4 gnolls (D:5)
  A howler monkey skeleton (D:7)
  A shadow imp (D:5)
  2 ufetubi
  An adder skeleton (D:4)
  A worm (D:3)
  4 dart slugs
  21 orcs
  11 ball pythons
  4 bats
  7 endoplasms
  3 giant cockroaches
  16 goblins
  12 hobgoblins
  11 jackals
  13 kobolds
  5 quokkas
  3 frilled lizards
  10 rats
184 creatures vanquished.

Vanquished Creatures (collateral kills)
  An ogre (D:5)
  An orc wizard (D:5)
2 creatures vanquished.

Grand Total: 186 creatures vanquished

Notes
Turn   | Place    | Note
-------+----------+-------------------------------------------
     0 | D:1      | croobank the Troll Berserker began the quest for the Orb.
     0 | D:1      | Reached XP level 1. HP: 22/22 MP: 0/0
    81 | D:1      | Reached XP level 2. HP: 27/29 MP: 1/1
   219 | D:1      | Reached ** piety under Trog
   379 | D:1      | Reached XP level 3. HP: 33/36 MP: 2/2
   670 | D:2      | Found a faded altar of an unknown god.
  1329 | D:2      | Reached skill level 1 in Polearms
  1329 | D:2      | Reached XP level 4. HP: 41/45 MP: 3/3
  1631 | D:3      | Reached *** piety under Trog
  1639 | D:3      | Found a glowing silver altar of Zin.
  1689 | D:3      | Noticed Grinder
  1862 | D:3      | Reached XP level 5. HP: 44/53 MP: 4/4
  1954 | D:3      | Paralysed by Grinder for 4 turns
  1982 | D:3      | Killed Grinder
  1983 | D:3      | Reached XP level 6. HP: 31/62 MP: 5/5
  2086 | D:3      | Found a stormy altar of Qazlal.
  2309 | D:3      | Reached **** piety under Trog
  2542 | D:4      | Reached skill level 5 in Maces & Flails
  2599 | D:4      | Identified the +9 spear of Wrath {protect, rF++ rN+ Stlth-}
  2611 | D:4      | Noticed Robin
  2622 | D:4      | Reached XP level 7. HP: 70/70 MP: 6/6
  2630 | D:4      | Killed Robin
  2649 | D:4      | Found a sacrificial altar of Ru.
  3272 | D:5      | Entered Level 5 of the Dungeon
  3780 | D:5      | Reached XP level 8. HP: 49/79 MP: 7/7
  3851 | D:6      | Reached skill level 5 in Dodging
  3854 | D:6      | Reached skill level 5 in Fighting
  4356 | D:7      | Reached skill level 5 in Polearms
  4498 | D:7      | Found a blossoming altar of Fedhas.
  4539 | D:7      | Noticed a komodo dragon
  4553 | D:7      | Killed a komodo dragon
  4554 | D:7      | Reached XP level 9. HP: 35/88 MP: 8/8
  5173 | D:8      | Noticed Psyche
  5200 | D:8      | Killed Psyche
  5362 | D:8      | You fall into a shaft and drop 2 floors!
  5362 | D:10     | Entered Level 10 of the Dungeon
  5440 | D:10     | Noticed a two-headed ogre
  5460 | D:10     | Found Cooddoa's Distillery.
  5473 | D:10     | HP: 4/89 [two-headed ogre (10)]
  5473 | D:10     | Killed from afar by an electric eel

Illustrated notes

Levels and vault maps discovered:
D:1:      dpeg_arrival_simpleton_c, layout_loops_ring
D:2:      layout_basic, hellmonk_ecumenical_altar_dog_temple
D:3:      minmay_octagon_keep, layout_loops_ring,
          mainiacjoe_overflow_small_starburst, grunt_qazlal_sundering,
          minmay_misc_feat_four_crosses, saegor_snake_ambush, uniq_grinder
D:4:      layout_basic, nicolae_ru_sacrificial_ziggurat, uniq_robin
D:5:      minmay_razor_zed, layout_rooms, nicolae_uskayaw_suspiria,
          minmay_temple_entry_glassed_door, minivault_23,
          kennysheep_generic_room_6
D:6:      layout_cave_pools
D:7:      cheibrodos_quashed, layout_basic, lemuel_coloured_pillars_altar,
          serial_corexii_hall, corexii_hall_statues_x,
          chequers_hall_statues_wall_a
D:8:      layout_loops_ring, trog_butcher_becter, uniq_psyche
D:10:     layout_basic, ashenzari_conservatory_becter, david_lair_shrubbed,
          serial_shops, nicolae_shop_stone, kennysheep_generic_room_9

Skill      XL: |  1  2  3  4  5  6  7  8  9 |
---------------+----------------------------+-----
Maces & Flails | 3 4 5 |  5.0
Dodging        | 3 4 5 6 |  6.2
Fighting       | 3 4 5 6 |  6.2
Polearms       | 1 3 5 6 |  6.9

Action                   |  1- 3 |  4- 6 |  7- 9 || total
-------------------------+-------+-------+-------++-------
Melee: Mace              |    80 |   146 |     5 ||   231
       Trident           |    73 |    18 |       ||    91
       Punch             |       |     2 |     6 ||     8
       Spear             |       |    17 |   284 ||   301
 Fire: Hunting sling     |       |       |     1 ||     1
Throw: Boomerang         |       |       |     9 ||     9
Invok: Berserk           |       |       |     1 ||     1
       Trog's Hand       |       |       |     1 ||     1
       Brothers in Arms  |       |       |     1 ||     1
  Use: Scroll            |     3 |     3 |     8 ||    14
       Potion            |       |       |     2 ||     2
Armor: Animal skin       |    70 |    62 |   107 ||   239
       Robe              |       |       |    15 ||    15
Dodge: Dodged            |    96 |   113 |   143 ||   352
Block: Kite shield       |       |       |    12 ||    12
